 Dungeon Crawl Stone Soup version 0.28.0-43-g3370ac3207 (webtiles) character file.

Game seed: 16404247265574121897

325 terff the Slasher (level 6, -5/41 (47) HPs)
             Began as a Demonspawn Gladiator on Mar 25, 2022.
             Killed by divine providence
             ... invoked by an orc priest
              (16 damage)
             ... on level 5 of the Dungeon.
             The game lasted 00:08:40 (4130 turns).

terff the Slasher (Demonspawn Gladiator)            Turns: 4130, Time: 00:08:41

HP:   -5/41 (47)    AC: 14    Str: 17    XL:     6   Next: 24%
MP:   6/6           EV:  6    Int:  9    God:
Gold: 1021          SH:  0    Dex: 14    Spells: 5/5 levels left

rFire   + . .      SeeInvis .   a - +0 long sword
rCold   . . .      Faith    .   (no shield)
rNeg    . . .      Spirit   .   q - +2 plate armour {rF+}
rPois   .          Reflect  .   c - +0 helmet
rElec   .          Harm     .   (no cloak)
rCorr   .          Rampage  .   (no gloves)
Will    +....                   (no boots)
Stlth   ..........              (no amulet)
HPRegen 0.13/turn               h - ring of willpower
MPRegen 0.10/turn               (no ring)

@: confused, heavily drained
A: claws 1, demonic guardian 1
a: no special abilities


You were on level 5 of the Dungeon.
You visited 1 branch of the dungeon, and saw 5 of its levels.

You collected 1021 gold pieces.

Inventory:

Hand Weapons
 a - a +0 long sword (weapon)
Missiles
 d - 3 throwing nets (quivered)
Armour
 c - a +0 helmet (worn)
 f - a +0 chain mail
 q - a +2 plate armour of fire resistance (worn)
Magical Staves
 s - a staff of conjuration
Jewellery
 h - a ring of willpower (left claw)
Wands
 l - a wand of iceblast (8)
Scrolls
 b - 4 scrolls of identify
 k - a scroll of torment
 o - 2 scrolls of teleportation
 p - a scroll of fog
 r - a scroll of amnesia {unknown}
Potions
 e - 2 potions of ambrosia
 g - 2 potions of degeneration
 i - a potion of cancellation
 j - a potion of brilliance {unknown}
 m - a potion of mutation {unknown}
 n - a potion of lignification {unknown}


   Skills:
 + Level 3.0 Fighting
 + Level 4.9 Long Blades
 - Level 1.7 Throwing
 + Level 2.4 Armour
 + Level 3.3 Dodging
 + Level 0.2 Stealth


You had 5 spell levels left.
You didn't know any spells.
Your spell library contained the following spells:

 Spells                   Type           Power      Damage    Failure   Level
 Summon Small Mammal      Summ           0%         N/A       100%        1
 Call Canine Familiar     Summ           0%         N/A       100%        3
 Summon Guardian Golem    Hex/Summ       0%         N/A       100%        3


Dungeon Overview and Level Annotations

Branches:
Dungeon (5/15)
 Temple: D:4-7

Altars:
Dithmenos
Kikubaaqudgha
Makhleb
Vehumet
Yredelemnul

Shops:
D:3 (   D:4 *

Annotations:
D:3 2 transporters, azurejojo's ghost, weakling DEEE


Innate Abilities, Weirdness & Mutations

You have sharp fingernails.
A weak demonic guardian rushes to your aid.


Message History

You kill the iguana!
Your Fighting skill increases to level 3!
There is a stone staircase leading up, spattered with blood here.
Found 4 silver javelins.
An orc wizard comes into view. It is wielding a +0 dagger of venom.
Found a sedimented green potion.
The orc wizard shouts!
An orc wizard comes into view. It is wielding a +0 dagger.
Found 22 arrows and 19 stones.
The orc wizard shouts!
You hear a shout!
An orc priest comes into view. It is wielding a +0 club.
You see here a scroll labelled BESSES CIOT.
r - a scroll labelled BESSES CIOT The orc wizard mumbles some strange words.
The orc wizard flickers and vanishes!
Deactivating autopickup; reactivate with Ctrl-A.
An orc comes into view. It is wielding a +0 club.
Something tries to affect you, but you resist.
You see here a staff of conjuration.
s - a staff of conjuration The orc priest casts a cantrip, but nothing happens.
The orc wizard casts a spell at you.
You are confused.
The orc priest mumbles some strange prayers to Beogh against you.
Beogh smites you!
A demonic guardian appears!
An orc priest comes into view. It is wielding a +0 hand axe.
The orc wizard hits your ufetubus with a +0 dagger.
Your ufetubus hits the orc wizard. x2
Your ufetubus disappears in a puff of smoke!
The orc wizard mumbles some strange words.
The orc wizard flickers and vanishes!
The orc priest miscasts a cantrip.
Something hits you.
* * * LOW HITPOINT WARNING * * *
Something misses your ufetubus.
You hit your ufetubus.
Your ufetubus is heavily wounded.
The orc priest mumbles some strange prayers to Beogh against you.
Beogh smites you!
You die...

##. #.. #.# #.#
###<#### .!.
##......##...(
####........#o..
#...............
#..#...@.oo..###.
.# #...5.....#..(
#...#..{......#
..#..#.......###
. #..........#
...#..#......#
...#....##.......
..#.... .......
....##(. ##.....


You could see 2 orc priests, an orc and a friendly ufetubus (summoned).

Vanquished Creatures
  A scorpion (D:4)
  A hound (D:4)
  2 orc priests (D:4)
  An iguana (D:5)
  9 adders
  An adder zombie (D:5)
  A worm (D:2)
  7 orcs
  8 endoplasms
  4 giant cockroaches
  6 goblins
  4 hobgoblins
  3 kobolds
  3 quokkas
  10 ball pythons
  A frilled lizard (D:2)
  3 rats
65 creatures vanquished.

Notes
Turn   | Place    | Note
-------+----------+-------------------------------------------
     0 | D:1      | terff the Demonspawn Gladiator began the quest for the Orb.
     0 | D:1      | Reached XP level 1. HP: 16/16 MP: 1/1
   490 | D:1      | Reached skill level 3 in Long Blades
   495 | D:1      | Gained mutation: You have sharp fingernails. [demonic
                  | ancestry]
   495 | D:1      | Reached XP level 2. HP: 20/22 MP: 2/2
   989 | D:1      | Identified a scroll of acquirement
   989 | D:1      | Acquired 883 gold pieces
   992 | D:2      | Found a faded altar of an unknown god.
  1006 | D:2      | Reached XP level 3. HP: 11/27 MP: 3/3
  1243 | D:2      | Found a basalt altar of Yredelemnul.
  1873 | D:3      | Found Fuecuife's Weapon Boutique.
  2097 | D:3      | Noticed a sky beast
  2098 | D:3      | Noticed azurejojo's ghost (weakling DEEE)
  2103 | D:3      | Found a transporter.
  2120 | D:3      | Reached XP level 4. HP: 29/33 MP: 4/4
  2135 | D:3      | Reached skill level 4 in Long Blades
  2336 | D:3      | Found a radiant altar of Vehumet.
  2371 | D:3      | Found an ancient bone altar of Kikubaaqudgha.
  2374 | D:3      | Found a shadowy altar of Dithmenos.
  2408 | D:3      | Found a burning altar of Makhleb.
  2485 | D:3      | Found a transporter.
  2929 | D:4      | Noticed a scorpion
  2941 | D:4      | Killed a scorpion
  2942 | D:4      | Reached skill level 1 in Armour
  2942 | D:4      | Gained mutation: A weak demonic guardian rushes to your
                  | aid. [demonic ancestry]
  2942 | D:4      | Reached XP level 5. HP: 11/39 MP: 5/5
  3667 | D:4      | Reached XP level 6. HP: 31/39 MP: 6/6
  3758 | D:4      | Found Teziv's Assorted Antiques.
  4096 | D:5      | Entered Level 5 of the Dungeon
  4130 | D:5      | Killed from afar by an orc priest

Illustrated notes

Levels and vault maps discovered:
D:1:      dpeg_arrival_arbitrary_a, layout_rooms
D:2:      layout_rooms, basic_ecumenical_altar, basic_altar
D:3:      layout_rooms, grunt_temple_overflow_cloverleaf, gammafunk_ghost_arena,
          serial_shops, shop_statue
D:4:      layout_loops_ring, serial_shops, shop, minmay_bisected
D:5:      layout_rooms, hangedman_decor_peaks_small, uniq_eustachio

Skill      XL: |  1  2  3  4  5  6 |
---------------+-------------------+-----
Long Blades    | 3 4 |  4.9
Dodging        | 3 |  3.3
Armour         | 1 2 |  2.4
Fighting       | 3 |  3.0
Throwing       | |  1.7
Stealth        | |  0.2

Action                   |  1- 3 |  4- 6 || total
-------------------------+-------+-------++-------
Melee: Long sword        |    92 |   122 ||   214
       Punch             |     1 |     4 ||     5
  Use: Scroll            |     5 |     4 ||     9
Armor: Leather armour    |     7 |       ||     7
       Chain mail        |    66 |     4 ||    70
       Plate armour      |       |    89 ||    89
Dodge: Dodged            |    36 |    37 ||    73
